 Dungeon Crawl Stone Soup version 0.22-a0-265-g0d8bc90 (webtiles) character file.

409272 RoseArtemis the Conqueror (level 22, -3/233 HPs)
             Began as a Minotaur Fighter on Mar 7, 2018.
             Was the Champion of Trog.
             Slain by a stone giant (23 damage)
             ... on level 3 of the Depths.
             The game lasted 03:12:50 (57128 turns).

RoseArtemis the Conqueror (Minotaur Fighter)       Turns: 57128, Time: 03:12:51

Health: -3/233     AC: 26    Str: 29    XL:     22   Next: 43%
Magic:  28/28      EV: 20    Int:  5    God:    Trog [******]
Gold:   2431       SH: 19    Dex: 20    Spells: 21/21 levels left

rFire    + + +     SeeInvis .   w - +3 trident "Dasezaodi" {pierce, rF+++ rN+++ MR- Stlth+}
rCold    + . .     Gourm    .   c - +0 shield
rNeg     + + +     Faith    .   Y - +0 plate armour {rF+}
rPois    .         Spirit   .   (helmet restricted)
rElec    .         Reflect  +   s - -2 cloak of Janeru Eruph {rC+ Dex+3}
rCorr    .         Harm     .   q - +1 pair of gloves
MR       ++...                  P - +1 pair of boots
Stlth    ..........             O - +4 amulet of reflection
HPRegen  1.48/turn              (no ring)
MPRegen  0.21/turn              X - ring of protection from fire

@: mighty, berserk cooldown, regenerating, slowed, studying Axes, very slow
A: retaliatory headbutt, horns 2
}: 2/15 runes: decaying, gossamer
a: Berserk, Trog's Hand, Brothers in Arms, Renounce Religion


You were on level 3 of the Depths.
You worshipped Trog.
Trog was exalted by your worship.
You were not hungry.

You visited 9 branches of the dungeon, and saw 41 of its levels.
You visited 1 bazaar.
You also visited: Sewer and Ice Cave.

You collected 5206 gold pieces.
You spent 2775 gold pieces at shops.

Inventory:

Hand Weapons
 a - the +9 war axe "Jellyslayer" {freeze, Dex+3}
   (You found it on level 2 of the Vaults)

   It has been specially enchanted to freeze those struck by it, causing extra
   injury to most foes and up to half again as much damage against particularly
   susceptible opponents.
   It can also slow down cold-blooded creatures.
   It affects your dexterity (+3).
 b - a +9 hand axe of flaming
 w - the +3 trident "Dasezaodi" (weapon) {pierce, rF+++ rN+++ MR- Stlth+}
   (You found it on level 2 of the Lair of Beasts)

   It inflicts extra damage upon your enemies.
   It renders you almost immune to fire.
   It renders you almost immune to negative energy.
   It affects your resistance to hostile enchantments.
   It makes you more stealthy.
Missiles
 Z - 3 throwing nets (quivered)
Armour
 c - a +0 shield (worn)
 q - a +1 pair of gloves (worn)
 s - the -2 cloak of Janeru Eruph (worn) {rC+ Dex+3}
   (You bought it in a shop in a bazaar)

   It affects your dexterity (+3).
   It protects you from cold.
 K - a +7 crystal plate armour
 P - a +1 pair of boots (worn)
 Y - a +0 plate armour of fire resistance (worn)
Jewellery
 n - an uncursed ring of protection from magic
 r - an uncursed ring of resist corrosion
 t - the ring "Ynworaz" {+Blink EV+3 Dex+3}
   (You found it on level 6 of the Dungeon)

   [ring of evasion]

   It affects your evasion (+3).
   It affects your dexterity (+3).
   It lets you blink.
 u - an uncursed amulet of the acrobat
 v - an uncursed ring of poison resistance
 O - a +4 amulet of reflection (around neck)
 Q - an uncursed ring of protection from magic
 X - a ring of protection from fire (right hand)
Wands
 g - a wand of iceblast (40)
 h - a wand of enslavement (12)
 o - a wand of clouds (5)
 y - a wand of acid (24)
 C - a wand of polymorph (28)
 H - a wand of flame (49)
 I - a wand of paralysis (53)
 T - a wand of digging (31)
 V - a wand of disintegration (26)
Scrolls
 e - 22 scrolls of remove curse
 k - a scroll of enchant weapon
 m - 2 scrolls of holy word {unknown}
 p - a scroll of summoning
 x - 2 scrolls of brand weapon {unknown}
 A - 3 scrolls of fog
 B - 3 scrolls of noise {unknown}
 D - 9 scrolls of blinking
 F - 5 scrolls of silence
 L - 5 scrolls of magic mapping
 M - 2 scrolls of torment {unknown}
 U - 15 scrolls of teleportation
 W - a scroll of fear {unknown}
Potions
 j - 16 potions of curing
 l - 2 potions of invisibility
 E - a potion of cancellation
 G - a potion of resistance
 J - 6 potions of lignification
 N - 9 potions of haste
 R - 6 potions of ambrosia
Books
 i - a manual of Axes
Comestibles
 f - 58 rations


   Skills:
 O Level 27 Fighting
 - Level 16.0 Axes
 * Level 22.2 Armour
 + Level 16.5 Dodging
 - Level 15.0 Shields
 - Level 10.0 Evocations


You had 21 spell levels left.
You didn't know any spells.

Dungeon Overview and Level Annotations

Branches:
Dungeon (15/15)            Temple (1/1) D:5            Lair (6/6) D:8
  Swamp (4/4) Lair:4       Spider (4/4) Lair:4        Slime (0/5) Lair:6
    Orc (2/2) D:12            Elf (2/3) Orc:2        Vaults (4/5) D:14
  Crypt (0/3) Vaults:3     Depths (3/5) D:15

Altars:
Ashenzari
Cheibriados
Dithmenos
Elyvilon
Fedhas
Gozag
Hepliaklqana
Kikubaaqudgha
Makhleb
Nemelex Xobeh
Okawaru
Qazlal
Ru
Sif Muna
Trog
Uskayaw
Vehumet
Wu Jian
Xom
Yredelemnul
Zin
The Shining One
Beogh
Jiyva
Lugonu

Shops:
D:4 (   D:6 ?:   D:9 !   D:10 !   Orc:2 [((*(   Depths:2 *

Portals:
Hell: Depths:1 Depths:2
Abyss: Depths:1
Pandemonium: Depths:2

Annotations:
Elf:2 3 runed doors


Innate Abilities, Weirdness & Mutations

You reflexively headbutt those who attack you in melee.
You have a pair of horns on your head.


Message History

Something bites you but does no damage.
You feel much better. You block the stone giant's attack.
Something hits you but does no damage.
You are electrocuted!
* * * LOW HITPOINT WARNING * * *
Something closely misses you. The warg closely misses you.
You furiously retaliate!
You headbutt the warg! The stone giant hits you!!
* * * LOW HITPOINT WARNING * * *
Okay, then.
You feel very mighty all of a sudden. You block the warg's attack.
You block something's attack. Something bites you but does no damage.
You block the stone giant's attack. You block the warg's attack.
Something hits you!
* * * LOW HITPOINT WARNING * * *
Something bites you.
* * * LOW HITPOINT WARNING * * *
You're still recovering from your berserk rage.
Your skin crawls.
You feel resistant to hostile enchantments.
You feel somewhat more hungry. The warg misses you. The stone giant hits you!!
You die...

#..........#.)
#.####.(...#..
####'##++........
#..............>
. #.#...........#
.. #
#..((.......#...
+......(.......
#......h){)##...
#......#@C).....
#......###((..##
#....$C# .....
#......# #...
#..R...# ..
#......# .
#......


You could see a stone giant and a warg shaped shifter.

Vanquished Creatures
  Bai Suzhen (Spider:4)
  A caustic shrike (Depths:2)
  A golden dragon (Depths:2)
  Arachne (Spider:2)
  Rupert (Orc:2)
  A lich (Vaults:3)
  Jorgrun (Vaults:4)
  A titan (Depths:2)
  A sphinx (Depths:2)
  2 thorn hunters
  2 tengu reavers
  The ghost of ReniFell the Severer, a journeyman MiBe of Trog (Swamp:4)
  16 vault wardens
  2 iron dragons (Depths:2)
  5 emperor scorpions
  2 deep elf sorcerers
  4 fire giants
  6 frost giants
  7 ghost moths
  16 ironheart preservers
  13 stone giants
  Nessos (D:12)
  6 very ugly things
  4 vampire knights
  25 slime creatures
  2 deep elf demonologists
  Azrael (Orc:2)
  10 entropy weavers
  A lorocyproca (Depths:2)
  3 deep elf annihilators
  A white draconian (IceCv)
  3 spark wasps
  3 ettins
  Snorg (D:12)
  The ghost of Thaneod the Cleaver, a journeyman DsBe of Trog (D:14)
  A crystal guardian (Vaults:4)
  9 fire dragons
  9 yaktaur captains
  3 rakshasas
  17 ogre magi
  3 great orbs of eyes
  5 vault guards
  6 ice dragons
  5 ghost crabs
  An anaconda (shapeshifter) (Depths:2)
  2 spriggan air magi
  21 hydras
  6 centaur warriors
  Erica (Lair:1)
  7 alligators
  A monstrous demonspawn (Depths:2)
  A hell beast (Depths:1)
  5 dancing weapons
  A death knight (Vaults:4)
  53 two-headed ogres
  A death yak (IceCv)
  3 vampire magi
  8 deep troll shamans
  2 tengu warriors (Depths:2)
  6 spriggan berserkers
  An orc high priest (Orc:2)
  11 deep troll earth magi
  6 deep elf knights
  6 soul eaters
  A sun demon (Depths:2)
  A storm dragon zombie (Vaults:4)
  A fire crab (Swamp:4)
  4 iron trolls
  2 hell knights
  2 shadow wraiths
  6 skeletal warriors
  A death drake (shapeshifter) (Vaults:1)
  2 glowing orange brains (Depths:1)
  34 deep trolls
  12 deep elf archers
  4 wizards
  8 swamp dragons
  5 unseen horrors
  An orange crystal statue (Depths:1)
  2 spriggan druids (Swamp:3)
  A lindwurm (Swamp:4)
  18 orc knights
  A harpy (shapeshifter) (Vaults:4)
  3 harpies (Vaults:2)
  3 shambling mangroves
  An obsidian statue (Depths:1)
  A flayed ghost (Vaults:4)
  3 necromancers
  9 ironbrand convokers
  25 wolf spiders
  A wolf spider zombie (D:13)
  6 orc sorcerers
  48 ugly things
  A tengu zombie (D:15)
  Pikel (D:6)
  A tengu skeleton (Vaults:4)
  9 cyclopes
  The ghost of B1inky the Carver, a novice DsFi of Makhleb (D:6)
  21 orb spiders
  42 deep elf magi
  A salamander (shapeshifter) (D:14)
  A cyclops (shapeshifter) (Vaults:2)
  A manticore (D:13)
  4 moths of wrath
  An ice statue (IceCv)
  An elephant (shapeshifter) (Depths:1)
  10 vault sentinels
  10 elephants
  10 black mambas
  A guardian serpent (Lair:6)
  Joseph (D:10)
  A stone giant skeleton (Vaults:4)
  26 spiny frogs
  2 centaur zombies
  Psyche (D:12)
  An orange demon (Depths:1)
  A gargoyle (D:14)
  A torpor snail (Lair:6)
  An elf zombie (D:15)
  A human zombie (Vaults:2)
  2 rime drakes (Lair:4)
  A centaur skeleton (D:14)
  10 komodo dragons
  An efreet (D:15)
  31 yaktaurs
  15 demonic crawlers
  2 tengu conjurers (D:14)
  A troll (shapeshifter) (Depths:2)
  A yaktaur (shapeshifter) (Vaults:4)
  3 red devils (Depths:1)
  7 freezing wraiths
  2 ice devils
  3 wind drakes (shapeshifter)
  24 jumping spiders
  2 meliai (shapeshifter)
  4 tyrant leeches
  17 polar bears
  2 meliai (D:13)
  28 hornets
  7 trolls
  A tyrant leech (shapeshifter) (D:15)
  A blink frog (shapeshifter) (Vaults:4)
  A spriggan zombie (D:15)
  A dream sheep (shapeshifter) (D:14)
  8 dream sheep
  15 blink frogs
  9 hippogriffs
  5 bog bodies
  6 spriggans
  3 vampires (Vaults:3)
  2 water elementals
  33 tarantellas
  67 redbacks
  16 wyverns
  2 shadows
  4 fire elementals
  3 wraiths
  46 yaks
  7 basilisks
  2 hungry ghosts
  3 steam dragons
  An elf skeleton (D:15)
  29 vampire mosquitoes
  Edmund (D:6)
  15 swamp worms
  An acid dragon (D:11)
  11 wargs
  9 insubstantial wisps (Swamp:1)
  15 water moccasins
  3 hell hounds (Orc:2)
  7 porcupines
  Duvessa (D:5)
  16 swamp drakes
  2 phantoms
  A black bear (D:8)
  A hornet zombie (D:10)
  53 orc warriors
  3 ice beasts
  3 sky beasts
  An eye of draining (shapeshifter) (D:14)
  An eye of draining (D:15)
  19 wolves
  3 tengu (shapeshifter) (Vaults:2)
  15 centaurs
  40 ogres
  A human skeleton (Vaults:2)
  6 crocodiles
  6 big kobolds
  Blork the orc (D:4)
  14 bullfrogs
  2 gnoll sergeants
  Dowan (D:5)
  A human simulacrum (Vaults:2)
  A water moccasin zombie (D:10)
  A wyvern skeleton (D:7)
  3 scorpions
  20 killer bees
  10 wights
  6 electric eels (D:7)
  5 howler monkeys
  23 crimson imps
  2 lava snakes (Swamp:4)
  4 quasits
  9 iron imps
  4 hounds
  Crazy Yiuf (D:6)
  3 bullfrog skeletons
  3 jellies
  14 orc wizards
  11 orc priests
  13 iguanas
  2 hell rats (Lair:1)
  7 worker ants
  A killer bee zombie (D:8)
  2 howler monkey zombies
  15 gnolls
  17 adders
  8 river rats
  5 shadow imps
  15 white imps
  An ufetubus (Depths:2)
  An adder skeleton (D:4)
  4 adder zombies
  5 worms
  6 dart slugs
  8 leopard geckos
  117 orcs
  14 bats
  7 giant cockroaches
  8 goblins
  10 hobgoblins
  12 jackals (D:1)
  6 kobolds
  11 quokkas
  4 ball pythons
  5 frilled lizards
  A leopard gecko skeleton (D:5)
  A leopard gecko zombie (D:6)
  2 quokka skeletons
  A quokka zombie (D:5)
  16 rats
  5 fungi
  5 plants
1842 creatures vanquished.

Vanquished Creatures (collateral kills)
  Asterion (Spider:1)
  An ironbrand convoker (Vaults:2)
2 creatures vanquished.

Vanquished Creatures (others)
  3 stone giants
  A hydra (Swamp:4)
  3 centaur warriors
  A shadow wraith (Vaults:2)
  A swamp dragon (Swamp:4)
  A lindwurm (Swamp:4)
  A deep elf mage (Vaults:1)
  2 cyclopes
  6 yaktaurs
  4 steam dragons (Swamp:4)
  An insubstantial wisp (Swamp:1)
  A floating eye (Depths:3)
  2 slaves (D:6)
  3 swamp drakes
  4 centaurs
  2 crimson imps
  An orc wizard (D:3)
  An adder (D:6)
  A briar patch (Swamp:2)
  25 fungi
  20 plants
84 creatures vanquished.

Grand Total: 1928 creatures vanquished

Notes
Turn   | Place    | Note
-------+----------+-------------------------------------------
     0 | D:1      | RoseArtemis the Minotaur Fighter began the quest for the Orb.
     0 | D:1      | Reached XP level 1. HP: 19/19 MP: 0/0
   213 | D:1      | Reached XP level 2. HP: 27/27 MP: 1/1
   289 | D:1      | Reached skill level 4 in Fighting
   341 | D:1      | Reached XP level 3. HP: 33/33 MP: 2/2
  1031 | D:2      | Reached XP level 4. HP: 40/40 MP: 3/3
  1589 | D:2      | Found a blossoming altar of Fedhas.
  1977 | D:3      | Reached XP level 5. HP: 47/47 MP: 4/4
  2187 | D:3      | Reached skill level 5 in Axes
  2191 | D:3      | Reached XP level 6. HP: 9/55 MP: 5/5
  2527 | D:3      | Reached skill level 5 in Armour
  2527 | D:3      | Reached skill level 5 in Shields
  2597 | D:3      | Found a shimmering altar of Xom.
  2689 | D:3      | Reached skill level 5 in Fighting
  2926 | D:4      | Found Sumiar's Antique Weapon Shoppe.
  3117 | D:4      | Reached XP level 7. HP: 39/61 MP: 6/6
  3447 | D:4      | Noticed Blork the orc
  3460 | D:4      | Killed Blork the orc
  3460 | D:4      | Reached skill level 6 in Fighting
  3680 | D:4      | Found a sparkling altar of Nemelex Xobeh.
  3899 | D:4      | Found a bloodstained altar of Trog.
  4082 | D:4      | Became a worshipper of Trog the Wrathful
  4122 | D:5      | Entered Level 5 of the Dungeon
  4175 | D:5      | Found a sacrificial altar of Ru.
  4203 | D:5      | Noticed Dowan
  4204 | D:5      | Noticed Duvessa
  4215 | D:5      | Killed Duvessa
  4215 | D:5      | Reached XP level 8. HP: 51/71 MP: 7/7
  4221 | D:5      | Killed Dowan
  4588 | D:5      | Found a glowing drain.
  4592 | Sewer    | Entered a sewer
  4889 | D:5      | Reached skill level 7 in Fighting
  4925 | D:5      | Reached * piety under Trog
  5056 | D:5      | Found a staircase to the Ecumenical Temple.
  5368 | Temple   | Entered the Ecumenical Temple
  5645 | D:6      | Found Taessino's Magic Scroll Boutique.
  5653 | D:6      | Bought a scroll of identify for 22 gold pieces
  5653 | D:6      | Bought a scroll of identify for 22 gold pieces
  5653 | D:6      | Bought a scroll of identify for 22 gold pieces
  5653 | D:6      | Bought a scroll of identify for 22 gold pieces
  5654 | D:6      | Noticed B1inky's ghost (novice DsFi)
  5936 | D:6      | Noticed Pikel
  5961 | D:6      | Killed Pikel
  5961 | D:6      | Reached XP level 9. HP: 62/80 MP: 8/8
  6100 | D:6      | Got a sparkling jade ring
  6121 | D:6      | Noticed Edmund
  6139 | D:6      | Killed Edmund
  6139 | D:6      | Reached skill level 10 in Axes
  6301 | D:6      | Reached skill level 8 in Fighting
  6496 | D:6      | Found Tofan's Book Boutique.
  6568 | D:6      | Found a runed door.
  6700 | D:6      | Noticed Crazy Yiuf
  6703 | D:6      | Killed Crazy Yiuf
  7661 | D:7      | Noticed a cyan ugly thing
  7674 | D:7      | Killed a cyan ugly thing
  7674 | D:7      | Reached skill level 9 in Fighting
  7974 | D:7      | Identified the ring "Ynworaz" {+Blink EV+3 Dex+3} (You found it on level 6 of the Dungeon)
  8001 | D:8      | Reached XP level 10. HP: 72/91 MP: 9/9
  8103 | D:8      | Reached ** piety under Trog
  8205 | D:8      | Reached skill level 1 in Evocations
  8244 | D:8      | Noticed a two-headed hydra
  8250 | D:8      | Killed a one-headed hydra
  8622 | D:8      | Found a staircase to the Lair.
  8859 | D:8      | Found a hazy altar of Hepliaklqana.
  8859 | D:8      | Found a stormy altar of Qazlal.
  8859 | D:8      | Found a snail-covered altar of Cheibriados.
  9053 | D:8      | Found an opulent altar of Gozag.
  9054 | D:8      | Found a glowing silver altar of Zin.
  9159 | D:9      | Reached skill level 10 in Armour
  9242 | D:9      | Reached skill level 10 in Fighting
  9259 | D:9      | Found Ijiot's Distillery.
  9267 | D:9      | Bought a potion of curing for 42 gold pieces
  9267 | D:9      | Bought a potion of cancellation for 112 gold pieces
  9267 | D:9      | Bought a potion of might for 56 gold pieces
  9291 | D:9      | Found a radiant altar of Vehumet.
  9681 | D:9      | You fall through a shaft!
  9681 | D:10     | Entered Level 10 of the Dungeon
  9747 | D:10     | Killed an unseen horror
  9991 | D:10     | Noticed Joseph
 10000 | D:10     | Killed Joseph
 10166 | D:10     | Reached XP level 11. HP: 99/99 MP: 12/12
 10187 | D:10     | Noticed a two-headed ogre
 10197 | D:10     | Killed a two-headed ogre
 10313 | D:10     | Reached *** piety under Trog
 10368 | D:10     | You fall through a shaft for 2 floors!
 10399 | D:12     | Noticed a two-headed ogre
 10412 | D:12     | Killed a two-headed ogre
 10441 | D:12     | Noticed Psyche
 10454 | D:12     | Killed Psyche
 10576 | D:10     | Reached skill level 5 in Evocations
 11160 | D:10     | Found Lotaett's Distillery.
 11427 | D:10     | Reached **** piety under Trog
 11693 | Lair:1   | Entered Level 1 of the Lair of Beasts
 11693 | Lair:1   | Noticed a four-headed hydra
 11703 | Lair:1   | Killed a one-headed hydra
 11703 | Lair:1   | Reached skill level 15 in Axes
 12365 | Lair:1   | Noticed a six-headed hydra
 12377 | Lair:1   | Killed a one-headed hydra
 12377 | Lair:1   | Reached XP level 12. HP: 106/106 MP: 15/15
 12683 | Lair:1   | Noticed Erica
 12691 | Lair:1   | Killed Erica
 13133 | Lair:2   | Reached ***** piety under Trog
 13782 | Lair:2   | Got an ancient trident
 13793 | Lair:2   | Identified the cursed +3 trident "Dasezaodi" {pierce, rF+++ rN+++ MR- Stlth+} (You found it on level 2 of the Lair of Beasts)
 14448 | Lair:3   | Reached skill level 10 in Shields
 15525 | Lair:4   | Received a gift from Trog
 15612 | Lair:4   | Found a hole to the Spider Nest.
 15815 | Lair:4   | Found a staircase to the Swamp.
 15901 | Lair:4   | Noticed a five-headed hydra
 15909 | Lair:4   | Killed a one-headed hydra
 16168 | Lair:5   | Reached XP level 13. HP: 104/113 MP: 18/18
 16856 | Lair:6   | Entered Level 6 of the Lair of Beasts
 16856 | Lair:6   | Found a viscous altar of Jiyva.
 16856 | Lair:6   | Found a staircase to the Slime Pits.
 17791 | Lair:6   | Received a gift from Trog
 18745 | Lair:6   | Reached XP level 14. HP: 93/121 MP: 20/20
 19301 | D:6      | Killed B1inky's ghost
 20979 | D:12     | Noticed Snorg
 20997 | D:12     | Killed Snorg
 20997 | D:12     | Reached skill level 1 in Dodging
 21333 | D:12     | Found a staircase to the Orcish Mines.
 21355 | D:12     | Received a gift from Trog
 21473 | D:12     | Noticed Nessos
 21493 | D:12     | Killed Nessos
 21907 | Orc:1    | Entered Level 1 of the Orcish Mines
 21964 | Orc:1    | Found a burning altar of Makhleb.
 22253 | Orc:2    | Entered Level 2 of the Orcish Mines
 22257 | Orc:2    | Noticed Rupert
 22285 | Orc:2    | Killed Rupert
 22285 | Orc:2    | Reached skill level 10 in Evocations
 22472 | Orc:2    | Found a staircase to the Elven Halls.
 22479 | Orc:2    | Noticed Azrael
 22495 | Orc:2    | Killed Azrael
 22514 | Orc:2    | Noticed a stone giant
 22530 | Orc:2    | Killed a stone giant
 22724 | Orc:2    | Found Askoydgh's Weapon Shop.
 22724 | Orc:2    | Found Rirogh's Assorted Antiques.
 22742 | Orc:2    | Received a gift from Trog
 22990 | Orc:2    | Bought 3 scrolls of identify for 204 gold pieces
 23080 | Orc:2    | Found Suutob's Antique Weapon Boutique.
 23106 | Orc:2    | Bought a runed hand axe for 192 gold pieces
 23386 | Orc:2    | Found Roats's Armour Shop.
 23386 | Orc:2    | Found Wygadisk's Weapon Shoppe.
 23396 | Orc:2    | Reached skill level 11 in Fighting
 23680 | Orc:2    | Found a roughly hewn altar of Beogh.
 23835 | Orc:2    | Bought a +1 crystal plate armour for 957 gold pieces
 24227 | D:13     | Reached skill level 15 in Armour
 24346 | D:13     | Found a frozen archway.
 24395 | IceCv    | Entered an ice cave
 24467 | IceCv    | Received a gift from Trog
 24558 | IceCv    | Reached skill level 5 in Dodging
 24583 | IceCv    | Reached XP level 15. HP: 112/130 MP: 21/21
 24750 | IceCv    | Reached skill level 15 in Shields
 24957 | IceCv    | Reached skill level 12 in Fighting
 25152 | IceCv    | Got a slimy broad axe
 25153 | IceCv    | Identified the +4 broad axe of the Equator {freeze, rC- Dex+7} (You found it in an ice cave)
 26221 | D:14     | Reached skill level 13 in Fighting
 26221 | D:14     | Received a gift from Trog
 26286 | D:14     | Noticed Thaneod's ghost (journeyman DsBe)
 26334 | D:14     | Killed Thaneod's ghost
 26733 | D:14     | Found a shattered altar of Ashenzari.
 26865 | D:14     | Reached skill level 14 in Fighting
 27343 | D:14     | Found a gate to the Vaults.
 27579 | D:15     | Entered Level 15 of the Dungeon
 27970 | D:15     | Paralysed by a hornet for 1 turns
 28064 | D:15     | Reached skill level 15 in Fighting
 28224 | D:15     | Found a staircase to the Depths.
 28248 | D:15     | Reached ****** piety under Trog
 28254 | D:15     | Received a gift from Trog
 28625 | D:15     | Reached XP level 16. HP: 149/149 MP: 22/22
 29225 | Swamp:1  | Entered Level 1 of the Swamp
 30093 | Swamp:1  | Reached skill level 16 in Fighting
 31535 | Swamp:2  | Received a gift from Trog
 31604 | Swamp:2  | Noticed a thorn hunter
 31618 | Swamp:2  | Killed a thorn hunter
 32209 | Swamp:3  | Reached skill level 17 in Fighting
 32232 | Swamp:3  | Reached skill level 10 in Dodging
 33035 | Swamp:4  | Entered Level 4 of the Swamp
 33212 | Swamp:4  | Noticed ReniFell's ghost (journeyman MiBe)
 33238 | Swamp:4  | Killed ReniFell's ghost
 33238 | Swamp:4  | Reached skill level 18 in Fighting
 33425 | Swamp:4  | Received a gift from Trog
 33926 | Swamp:4  | Reached skill level 19 in Fighting
 33960 | Swamp:4  | Noticed a thorn hunter
 33976 | Swamp:4  | Killed a thorn hunter
 33976 | Swamp:4  | Reached XP level 17. HP: 102/168 MP: 23/23
 34296 | Swamp:4  | Got a decaying rune of Zot
 34779 | Spider:1 | Entered Level 1 of the Spider Nest
 35231 | Spider:1 | Reached skill level 20 in Fighting
 35443 | Spider:1 | Received a gift from Trog
 35478 | Spider:1 | Noticed Asterion
 35488 | Spider:1 | Killed Asterion
 36855 | Spider:2 | Received a gift from Trog
 37126 | Spider:2 | Noticed Arachne
 37152 | Spider:2 | Killed Arachne
 37800 | Spider:3 | Reached skill level 21 in Fighting
 38234 | Spider:4 | Entered Level 4 of the Spider Nest
 38405 | Spider:4 | Noticed Bai Suzhen
 38433 | Spider:4 | Received a gift from Trog
 38436 | Spider:4 | Killed Bai Suzhen
 38439 | Spider:4 | Reached XP level 18. HP: 182/182 MP: 0/24
 38728 | Spider:4 | Received a gift from Trog
 39158 | Spider:4 | Paralysed by a hornet for 1 turns
 39189 | Spider:4 | Received a gift from Trog
 40267 | Spider:4 | Got a gossamer rune of Zot
 40862 | Vaults:1 | Entered Level 1 of the Vaults
 40935 | Vaults:1 | You fall through a shaft!
 40982 | Vaults:2 | Reached skill level 22 in Fighting
 41028 | Vaults:2 | Received a gift from Trog
 42087 | Vaults:1 | Received a gift from Trog
 43062 | Vaults:1 | Reached XP level 19. HP: 154/192 MP: 25/25
 44093 | Vaults:2 | Reached skill level 23 in Fighting
 44311 | Vaults:2 | Got an encrusted war axe
 44312 | Vaults:2 | Identified the +9 war axe "Jellyslayer" {freeze, Dex+3} (You found it on level 2 of the Vaults)
 44599 | Vaults:2 | Received a gift from Trog
 44972 | Vaults:2 | Found the +8 glaive of the Guard {elec, +Rage AC+5 SInv}
 45898 | Vaults:3 | Found a staircase to the Crypt.
 46235 | Vaults:3 | Reached skill level 24 in Fighting
 46272 | Vaults:3 | Received a gift from Trog
 46681 | Vaults:3 | Reached XP level 20. HP: 206/206 MP: 26/26
 46974 | Vaults:3 | Received a gift from Trog
 47650 | Vaults:4 | Paralysed by a hornet for 3 turns
 47838 | Vaults:4 | Received a gift from Trog
 48101 | Vaults:4 | Reached skill level 15 in Dodging
 48328 | Vaults:4 | Noticed Jorgrun
 48336 | Vaults:4 | Killed Jorgrun
 48336 | Vaults:4 | Reached skill level 25 in Fighting
 48458 | Vaults:4 | Received a gift from Trog
 49639 | Elf:1    | Entered Level 1 of the Elven Halls
 50014 | Elf:1    | Received a gift from Trog
 50547 | Elf:1    | Found a shimmering altar of Xom.
 50839 | Elf:1    | Reached XP level 21. HP: 212/220 MP: 27/27
 51125 | Elf:2    | Found a gateway to a bazaar.
 51142 | Bazaar   | Entered a bazaar
 51142 | Bazaar   | Found Heroill's Food Shoppe.
 51142 | Bazaar   | Found Webid's Armour Emporium.
 51146 | Bazaar   | Found Fohoteso's Jewellery Shoppe.
 51160 | Bazaar   | Found Ydwatuj's Antique Armour Emporium.
 51168 | Bazaar   | Bought a shimmering cloak for 256 gold pieces
 51168 | Bazaar   | Bought an ichor-stained plate armour for 756 gold pieces
 51178 | Bazaar   | Identified the cursed -2 cloak of Janeru Eruph {rC+ Dex+3} (You bought it in a shop in a bazaar)
 51189 | Bazaar   | Identified the +0 plate armour of the Game of Kings {*Corrode rN++ Int+4} (You bought it in a shop in a bazaar)
 51321 | Elf:2    | Found a runed gate.
 51321 | Elf:2    | Found a runed gate.
 51325 | Elf:2    | Found a runed gate.
 51350 | Elf:2    | Reached skill level 26 in Fighting
 51583 | Elf:2    | Received a gift from Trog
 52120 | Depths:1 | Entered Level 1 of the Depths
 53539 | Depths:1 | Found a gateway to Hell.
 53859 | Depths:1 | Reached skill level 27 in Fighting
 54225 | Depths:1 | Received a gift from Trog
 54490 | Depths:1 | Found a corrupted altar of Lugonu.
 54491 | Depths:1 | Found a one-way gate to the infinite horrors of the Abyss.
 55351 | Depths:2 | Found a one-way gate leading to the halls of Pandemonium.
 55683 | Depths:2 | Found Rudgh's General Store.
 55713 | Depths:2 | Received a gift from Trog
 55728 | Depths:2 | Reached XP level 22. HP: 120/233 MP: 28/28
 56320 | Depths:2 | Bought a scroll of identify for 32 gold pieces
 56320 | Depths:2 | Bought a potion of heal wounds for 80 gold pieces
 56427 | Depths:2 | Noticed a caustic shrike
 56441 | Depths:2 | Killed a caustic shrike
 56532 | Depths:2 | Noticed a golden dragon
 56545 | Depths:2 | Killed a golden dragon
 56943 | Depths:2 | Received a gift from Trog
 56991 | Depths:2 | Got a brightly glowing lead ring
 56992 | Depths:2 | Identified the cursed ring "Puffevimm" {Str+2 Dex-2} (You found it on level 2 of the Depths)
 57078 | Depths:3 | Paralysed by a floating eye for 2 turns
 57082 | Depths:3 | Paralysed by a floating eye for 2 turns
 57086 | Depths:3 | Paralysed by a floating eye for 3 turns
 57128 | Depths:3 | Slain by a stone giant

Vault maps used:
D:1:      scummos_arrival_gate, minmay_heptomino_l4
D:2:      serial_glass, glass_columns_a, glass_columns_a, fedhas_altar_3
D:3:      xom_teletrap_fun, first_ration
D:4:      old_standard_altar, lemuel_doored_altar, serial_shops, shop,
          uniq_blork_the_orc
D:5:      minmay_temple_entry_butterflies, gup_sewer_entry_spiral,
          nicolae_ru_great_annihilating_truth, uniq_duvessa
D:6:      serial_shops, nicolae_shop_trees, shop, due_unseen_surprise,
          uniq_edmund, uniq_pikel, uniq_crazy_yiuf_cottage
D:7:      cheibrodos_two_vegetables
D:8:      grunt_temple_overflow_gold_and_silver, gammafunk_temple_overflow_claw,
          lair_entry_dummy, hangedman_ranch
D:9:      vehumet_crystals, serial_shops, shop
D:10:     serial_shops, nicolae_shop_stone, uniq_joseph
D:12:     kennysheep_orc_monster_closet_entryway, uniq_nessos, uniq_psyche,
          uniq_snorg
D:13:     portal_ice_cave_entry_imps, eino_jars
D:14:     david_vaults_2, nicolae_ashenzari_panopticon
D:15:     gammafunk_depths_entry_grave, grunt_decor_one_mirror
Temple:   nicolae_temple_figure_eight
Lair:1:   beast_lair_carwin_large_4, kennysheep_rathole, grunt_megastairs_1,
          uniq_erica
Lair:4:   minmay_swamp_entry_reptiles, nicolae_spider_entry_orb_guardian
Lair:6:   hangedman_lair_tendril_chambers, slime_altar_1, lookout_lair_type,
          kennysheep_basilisk_garden, serial_bayou_shore_b,
          serial_bayou_shore_b, serial_bayou_shore_b
Swamp:1:  serial_swamp_ruin, evilmike_swamp_ruin_house_2,
          evilmike_swamp_ruin_house_5, evilmike_swamp_ruin_house_1, swamp_pool5
Swamp:2:  evilmike_swamp_ruin_wall, swamp_pool3
Swamp:3:  evilmike_swamp_ruin_house_6, infiniplex_staircase_pool_2
Swamp:4:  swamp_fiery
Spider:1: uniq_asterion
Spider:2: nicolae_spider_corner, uniq_arachne
Spider:3: einodemon_crawler_minivault, nicolae_spider_cling_ruins
Spider:4: johnstein_spider_rune_arachne_lair, uniq_bai_suzhen
Orc:1:    bloody_makhleb
Orc:2:    st_orc_town, serial_shops, shop, uniq_azrael, uniq_rupert
Elf:1:    elf_arrival_001, basic_altar, hangedman_elf_represent
Elf:2:    serial_shops, bzr_entry_islet
Vaults:1: nicolae_vaults_network_quincunx, vaults_room_fours, v_rooms_4,
          nicolae_vaults_mini_display_case, v_misc_26, hangedman_vaults_impose
Vaults:2: nicolae_vaults_theta, v_misc_24, grunt_vaults_hallway_long, v_misc_29,
          ontoclasm_vaults_misaligned, hangedman_vaults_nodes,
          minmay_guarded_unrand_guard_vaults, hangedman_vaults_capsules,
          grunt_vaults_funnel, v_pattern_1, vaults_room_fours, vaults_dpeg_hooks
Vaults:3: minmay_crypt_entry_vampire_xt, vaults_room_octagon,
          nicolae_vaults_three_branches, dpeg_vaults_monster_row, v_misc_17,
          vaults_dpeg_ring, vaults_mumra_lcd, ontoclasm_vaults_idyll, v_misc_5,
          v_rooms_1
Vaults:4: hangedman_vaults_maws, vaults_mumra_hexcomb, vaults_room_large_hall,
          hangedman_vaults_impose, hangedman_vaults_stagger,
          nicolae_vaults_twisting_passages, ontoclasm_vaults_tryst,
          nicolae_vaults_yaktaur_gun_rack, v_misc_15, st_diamondy,
          vaults_room_door_ring, v_misc_14, uniq_jorgrun
Depths:1: grunt_hell_entry_demonic_statue, abyss_entry_flame_altar,
          hangedman_abyss_or_decor_passed, spider_trap,
          minmay_misc_feat_four_crosses, st_stairs_7, columned_hall_lemuel,
          minivault_16, hangedman_abyss_or_decor_clamps, minivault_22,
          minmay_strange_pillars, kennysheep_generic_room_2,
          serial_bayou_shore_b
Depths:2: minmay_nine_rooms, grunt_pan_entry_in_and_out, hell_entry,
          kennysheep_nondescript, kennysheep_windowed_goal,
          infiniplex_staircase_hallway_doors
Depths:3: wad_guarded_room, rand_demon_pan_entry_5, nicolae_sextant, hell_entry,
          uniq_enchantress
Bazaar:   bazaar_minmay_row
Sewer:    sewer_big_baddie
IceCv:    ice_cave_caverns_01

Skill      XL: |  1  2  3  4  5  6  7  8  9 10 11 12 13 14 15 16 17 18 19 20 21 22 |
---------------+-------------------------------------------------------------------+-----
Axes           | 3 4 5 6 7 9 11 13 15 16 | 16.0
Fighting       | 4 5 6 7 9 10 11 15 19 21 22 24 25 27 | 27.0
Shields        | 4 5 7 12 13 14 15 | 15.0
Armour         | 4 5 6 7 9 10 13 15 17 18 19 21 22 | 22.2
Evocations     | 3 6 8 9 10 | 10.0
Dodging        | 5 8 10 11 13 14 15 16 | 16.5

Action                   |  1- 3 |  4- 6 |  7- 9 | 10-12 | 13-15 | 16-18 | 19-21 | 22-24 || total
-------------------------+-------+-------+-------+-------+-------+-------+-------+-------++-------
Melee: War axe           |    82 |   148 |   319 |    18 |       |       |  1430 |   169 ||  2166
       Headbutt          |    10 |    23 |    60 |   200 |   518 |   648 |   506 |    80 ||  2045
       Hand axe          |       |       |       |   705 |  1784 |  2061 |    97 |       ||  4647
       Trident           |       |       |       |       |       |       |       |    40 ||    40
Invok: Berserk           |       |       |     2 |     8 |    17 |    12 |     6 |     3 ||    48
       Trog's Hand       |       |       |       |       |     4 |     4 |     3 |     2 ||    13
       Brothers in Arms  |       |       |       |       |     1 |     2 |       |       ||     3
 Abil: Evoke Blink       |       |       |       |       |     7 |     2 |       |       ||     9
  Use: Scroll            |     1 |     5 |     7 |    13 |    13 |    12 |    12 |     2 ||    65
       Potion            |       |     1 |     3 |     1 |     5 |     5 |     1 |     4 ||    20
 Stab: Invisible         |       |       |     1 |     1 |       |       |       |       ||     2
       Paralysed         |       |       |     1 |       |       |       |       |       ||     1
       Confused          |       |       |       |     3 |       |       |       |       ||     3
       Distracted        |       |       |       |       |       |     1 |       |       ||     1
       Held in net/web   |       |       |       |       |       |     1 |       |       ||     1
  Eat: Chunk             |     1 |     6 |    14 |    28 |    34 |    32 |    40 |     6 ||   161
       Ration            |       |       |     1 |     2 |     7 |     9 |     2 |     1 ||    22
Armor: Scale mail        |    23 |   100 |   100 |   195 |   191 |       |       |       ||   609
       Crystal plate arm |       |       |       |       |   224 |   994 |   554 |    69 ||  1841
       Plate armour      |       |       |       |       |       |       |       |    50 ||    50
Dodge: Dodged            |    25 |    67 |    58 |   149 |   336 |   662 |   509 |    97 ||  1903
Block: Shield            |    24 |    85 |   143 |   303 |  1079 |  1571 |  1065 |   181 ||  4451
       Reflection        |       |       |       |       |    33 |    24 |   116 |    17 ||   190

Table legend:
 A = Spawn XP
 B = Non-spawn XP
 C = Spawn XP percentage of total XP
 D = Spawn monster count
 E = Non-spawn monster count
 F = Spawn count percentage of total count
 G = Total turns spent on level
                    A         B        C        D         E        F      G
               +---------+---------+-------+---------+---------+-------+---------
         Total |       0 |  765680 |   0.0 |       0 |    1855 |   0.0 | 57128
               +---------+---------+-------+---------+---------+-------+---------
           D:1 |       0 |      54 |   0.0 |       0 |      29 |   0.0 |   760
           D:2 |       0 |     101 |   0.0 |       0 |      39 |   0.0 |  1179
           D:3 |       0 |     334 |   0.0 |       0 |      31 |   0.0 |   983
           D:4 |       0 |     796 |   0.0 |       0 |      31 |   0.0 |  1200
           D:5 |       0 |     754 |   0.0 |       0 |      33 |   0.0 |  1113
           D:6 |       0 |    1649 |   0.0 |       0 |      14 |   0.0 |  1361
           D:7 |       0 |    2522 |   0.0 |       0 |      28 |   0.0 |  1750
           D:8 |       0 |    3152 |   0.0 |       0 |      28 |   0.0 |  1281
           D:9 |       0 |     654 |   0.0 |       0 |      18 |   0.0 |  1140
          D:10 |       0 |    4856 |   0.0 |       0 |      53 |   0.0 |  1657
          D:11 |       0 |    4786 |   0.0 |       0 |      32 |   0.0 |   712
          D:12 |       0 |    8444 |   0.0 |       0 |      38 |   0.0 |  1376
          D:13 |       0 |    5966 |   0.0 |       0 |      41 |   0.0 |   813
          D:14 |       0 |   20335 |   0.0 |       0 |      60 |   0.0 |  1656
          D:15 |       0 |   18499 |   0.0 |       0 |      46 |   0.0 |  1390
        Lair:1 |       0 |    7037 |   0.0 |       0 |      33 |   0.0 |  1460
        Lair:2 |       0 |    5182 |   0.0 |       0 |      20 |   0.0 |  1168
        Lair:3 |       0 |    2082 |   0.0 |       0 |       9 |   0.0 |   877
        Lair:4 |       0 |    5593 |   0.0 |       0 |      22 |   0.0 |  1164
        Lair:5 |       0 |    4744 |   0.0 |       0 |      17 |   0.0 |   785
        Lair:6 |       0 |   24306 |   0.0 |       0 |      83 |   0.0 |  2270
       Swamp:1 |       0 |   15002 |   0.0 |       0 |      48 |   0.0 |  1608
       Swamp:2 |       0 |    9735 |   0.0 |       0 |      19 |   0.0 |  1287
       Swamp:3 |       0 |    9664 |   0.0 |       0 |      25 |   0.0 |   983
       Swamp:4 |       0 |   32007 |   0.0 |       0 |      66 |   0.0 |  1627
      Spider:1 |       0 |   21359 |   0.0 |       0 |      57 |   0.0 |  1325
      Spider:2 |       0 |   29376 |   0.0 |       0 |      55 |   0.0 |  1516
      Spider:3 |       0 |    9424 |   0.0 |       0 |      28 |   0.0 |   719
      Spider:4 |       0 |   43372 |   0.0 |       0 |      80 |   0.0 |  2069
         Orc:1 |       0 |    1451 |   0.0 |       0 |      16 |   0.0 |   600
         Orc:2 |       0 |   19066 |   0.0 |       0 |      93 |   0.0 |  1744
         Elf:1 |       0 |   19760 |   0.0 |       0 |      29 |   0.0 |  1359
         Elf:2 |       0 |   14585 |   0.0 |       0 |      24 |   0.0 |   964
      Vaults:1 |       0 |   41687 |   0.0 |       0 |      66 |   0.0 |  2554
      Vaults:2 |       0 |   58756 |   0.0 |       0 |      87 |   0.0 |  1860
      Vaults:3 |       0 |   65894 |   0.0 |       0 |      90 |   0.0 |  2425
      Vaults:4 |       0 |   75371 |   0.0 |       0 |     110 |   0.0 |  1818
      Depths:1 |       0 |   67585 |   0.0 |       0 |      97 |   0.0 |  2463
      Depths:2 |       0 |   90776 |   0.0 |       0 |      98 |   0.0 |  2479
      Depths:3 |       0 |    6997 |   0.0 |       0 |       9 |   0.0 |    66
         Sewer |       0 |     118 |   0.0 |       0 |       6 |   0.0 |   146
         IceCv |       0 |   11849 |   0.0 |       0 |      47 |   0.0 |  1158
               +---------+---------+-------+---------+---------+-------+---------
